 Dungeon Crawl Stone Soup version 0.22.0-27-ga576289 (webtiles) character file.

834 poirepourri the Thaumaturge (level 7, -2/46 HPs)
             Began as a Mummy Ice Elementalist on Aug 22, 2018.
             Slain by a slave (5 damage)
             ... led by Pikel
             ... on level 4 of the Dungeon.
             The game lasted 00:13:18 (10435 turns).

poirepourri the Thaumaturge (MuIE)                 Turns: 10435, Time: 00:13:18

Health: -2/46      AC:  7    Str: 11    XL:     7   Next: 66%
Magic:  3/19       EV: 12    Int: 20    God:
Gold:   253        SH:  0    Dex: 12    Spells: 10/24 levels left

rFire    x . .     SeeInvis .   b - +2 short sword
rCold    + . .     Gourm    .   (no shield)
rNeg     + + +     Faith    .   a - +0 robe
rPois    ∞         Spirit   .   l - +1 helmet {Int+3}
rElec    .         Reflect  .   i - +0 cloak
rCorr    .         Harm     .   c - +0 pair of gloves
MR       .....                  g - +0 pair of boots
Stlth    ++........             (no amulet)
HPRegen  0.15/turn              (no ring)
MPRegen  0.16/turn              (no ring)

@: no status effects
A: no food or potions, fire vulnerability, cold resistance 1, negative energy
resistance 3, torment resistance, unbreathing
a: no special abilities


You were on level 4 of the Dungeon.
You were not hungry.

You visited 2 branches of the dungeon, and saw 6 of its levels.

You collected 253 gold pieces.

Inventory:

Hand Weapons
 b - a +2 short sword (weapon)
Armour
 a - a +0 robe (worn)
 c - a +0 pair of gloves (worn)
 g - a +0 pair of boots (worn)
 i - a +0 cloak (worn)
 l - a +1 helmet of intelligence (worn)
Scrolls
 d - a scroll of magic mapping
 e - 5 scrolls of identify
 k - 2 scrolls of remove curse


   Skills:
 - Level 1.5 Dodging
 - Level 1.5 Stealth
 - Level 9.0 Spellcasting
 - Level 1.0 Conjurations
 + Level 4.6 Ice Magic


You had 10 spell levels left.
You knew the following spells:

 Your Spells              Type           Power        Failure   Level  Hunger
a - Freeze                Ice            ####         1%          1    N/A
b - Throw Frost           Conj/Ice       ###...       3%          2    N/A
c - Ozocubu's Armour      Chrm/Ice       ###.....     9%          3    N/A
d - Throw Icicle          Conj/Ice       ###.....     24%         4    N/A
e - Summon Ice Beast      Ice/Summ       ###.....     28%         4    N/A

Your spell library contained the following spells:

 Spells                   Type           Power        Failure   Level  Hunger


Dungeon Overview and Level Annotations

Branches:
Dungeon (5/15)             Temple (1/1) D:5

Altars:
Ashenzari
Cheibriados
Dithmenos
Elyvilon
Fedhas
Gozag
Hepliaklqana
Kikubaaqudgha
Makhleb
Nemelex Xobeh
Okawaru
Qazlal
Ru
Sif Muna
Trog
Uskayaw
Vehumet
Wu Jian
Xom
Yredelemnul
Zin
The Shining One

Annotations:
D:3 Grinder, Sigmund
D:5 Pikel


Innate Abilities, Weirdness & Mutations

You do not eat or drink.
Your flesh is vulnerable to fire.
You are immune to poison.
Your flesh is cold resistant. (rC+)
You are immune to negative energy. (rN+++)
You are immune to unholy pain and torment.
You can survive without breathing.


Message History

Aiming: Freeze (safe; 1% risk of failure)
Press: ? - help, Shift-Dir - straight line, f/p - slave
Aim: a slave, wearing an animal skin (lightly wounded)
You freeze the slave.
The slave is moderately wounded.
The slave hits you.
* * * LOW HITPOINT WARNING * * *
The slave hits you.
* * * LOW HITPOINT WARNING * * *
Casting: Freeze (safe; 1% risk of failure)
Confirm with . or Enter, or press ? or * to list all spells.
Aiming: Freeze (safe; 1% risk of failure)
Press: ? - help, Shift-Dir - straight line, f/p - slave
Aim: a slave, wearing an animal skin (moderately wounded)
You freeze the slave.
The slave is moderately wounded.
The slave hits you!
* * * LOW HITPOINT WARNING * * *
The slave hits you.
You die...

#####...≈≈≈≈≈.#...............#..
#.......≈≈.≈≈.#...............#".
#.......≈≈≈≈≈.#....#########..)..
#....####≈≈≈###....##.....##..#..
#....'..##_###................#..
#....#..#### #................#..
.....#..#######....##.....##..#..
....)#..##...##..p.##########'#..
...))#..........@[........#...#..
....)#.........p[.........#...'..
....<##########################..
###### ###


You could see 2 slaves.

Vanquished Creatures
  2 slaves (D:4)
  An ice beast (D:5)
  An ogre (D:4)
  A bullfrog (D:3)
  A crimson imp (D:4)
  A bullfrog zombie (D:5)
  A hound (D:3)
  Jessica (D:3)
  Natasha (thrice) (D:3)
  An iguana (D:5)
  2 worker ants (D:4)
  2 hound skeletons
  Robin (D:3)
  10 adders
  10 gnolls
  3 worms
  2 dart slugs
  A leopard gecko (D:2)
  8 orcs
  6 bats
  3 giant cockroaches
  9 goblins
  11 hobgoblins
  6 jackals
  4 quokkas
  2 frilled lizards
  A jackal skeleton (D:5)
  13 kobolds
  9 rats
116 creatures vanquished.

Notes
Turn   | Place    | Note
-------+----------+-------------------------------------------
     0 | D:1      | poirepourri the Mummy Ice Elementalist began the quest for the Orb.
     0 | D:1      | Reached XP level 1. HP: 13/13 MP: 4/4
   150 | D:1      | Reached skill level 3 in Spellcasting
   572 | D:1      | Reached XP level 2. HP: 19/19 MP: 4/6
   632 | D:1      | Learned a level 2 spell: Throw Frost
  1148 | D:1      | Reached skill level 4 in Spellcasting
  2094 | D:2      | Reached XP level 3. HP: 24/24 MP: 0/9
  2707 | D:2      | Learned a level 3 spell: Ozocubu's Armour
  2982 | D:2      | Reached skill level 5 in Spellcasting
  4013 | D:2      | Reached XP level 4. HP: 30/30 MP: 1/11
  4735 | D:3      | Reached skill level 6 in Spellcasting
  4957 | D:3      | Learned a level 4 spell: Throw Icicle
  4962 | D:3      | Learned a level 4 spell: Summon Ice Beast
  5014 | D:3      | Noticed Natasha
  5026 | D:3      | Killed Natasha
  5026 | D:3      | Reached XP level 5. HP: 28/35 MP: 3/13
  5101 | D:3      | Noticed Sigmund
  5364 | D:3      | Noticed Grinder
  5576 | D:3      | Reached skill level 7 in Spellcasting
  5592 | D:3      | Noticed Jessica
  5594 | D:3      | Noticed Robin
  5853 | D:3      | Noticed Natasha
  5863 | D:3      | Killed Natasha
  5997 | D:3      | Noticed Natasha
  6003 | D:3      | Killed Natasha
  6051 | D:3      | Killed Robin
  6051 | D:3      | Reached XP level 6. HP: 41/41 MP: 5/16
  6304 | D:3      | Reached skill level 8 in Spellcasting
  6306 | D:3      | Killed Jessica
  7883 | D:4      | Found a snail-covered altar of Cheibriados.
  8044 | D:4      | Reached skill level 9 in Spellcasting
  8176 | D:4      | Reached skill level 1 in Conjurations
  8276 | D:4      | Reached XP level 7. HP: 15/46 MP: 3/19
  8958 | D:4      | Found a bloodstained altar of Trog.
  9256 | D:5      | Entered Level 5 of the Dungeon
  9779 | D:5      | Found a staircase to the Ecumenical Temple.
  9788 | Temple   | Entered the Ecumenical Temple
 10186 | D:5      | Noticed Pikel
 10435 | D:4      | Slain by a slave

Skill      XL: |  1  2  3  4  5  6  7 |
---------------+----------------------+-----
Spellcasting   | 3 4 5 6 7 9 |  9.0
Conjurations   | 1 |  1.0
Ice Magic      | 3 4 |  4.6
Dodging        | |  1.5
Stealth        | |  1.5

Action                   |  1- 3 |  4- 6 |  7- 9 || total
-------------------------+-------+-------+-------++-------
Melee: Short sword       |    25 |    24 |    53 ||   102
       Unarmed           |     1 |       |       ||     1
 Cast: Freeze            |    40 |    91 |    48 ||   179
       Throw Frost       |    30 |    69 |    39 ||   138
       Ozocubu's Armour  |     1 |       |     1 ||     2
       Throw Icicle      |       |       |     2 ||     2
  Use: Scroll            |     3 |     4 |     1 ||     8
Armor: Robe              |    13 |    34 |    37 ||    84
Dodge: Dodged            |    54 |    89 |    66 ||   209
